 Dungeon Crawl Stone Soup version 0.31.0-4-g52a2dc7128 (console) character file.

Game seed: 5448043905959322732

29 AlterAsc the Insei (level 3, -5/23 HPs)
             Began as an Octopode Shapeshifter on Jan 22, 2024.
             Slain by Sigmund
             ... wielding a +0 scythe
              (9 damage)
             ... on level 2 of the Dungeon.
             The game lasted 00:05:15 (1219 turns).

AlterAsc the Insei (Octopode Shapeshifter)          Turns: 1219, Time: 00:05:15

Health: -5/23      AC:  1    Str: 17    XL:     3   Next: 16%
Magic:  3/3        EV: 13    Int: 11    God:
Gold:   20         SH:  0    Dex: 12    Spells: 2/2 levels left

rFire   . . .        f - +5 dagger
rCold   . . .        (no shield)
rNeg    . . .        (helmet currently unavailable)
rPois   .            (no amulet)
rElec   .            (no ring)
rCorr   .            (no ring)
SInv    .            (no ring)
Will    .....        (no ring)
Stlth   ++           (no ring)
HPRegen 0.23/turn    (no ring)
MPRegen 0.08/turn    (no ring)
                     (no ring)

%: no passive effects
@: about to teleport, beast-form
A: beast (slay +1), almost no armour, amphibious, 8 rings, camouflage 1,
gelatinous body 1, (nimble swimmer 1), tentacles, tentacle spike 1, strong 1
a: Begin Untransformation


You were on level 2 of the Dungeon.
You were a hulking beast.
You visited 1 branch of the dungeon, and saw 2 of its levels.

You collected 62 gold pieces.
You spent 42 gold pieces at shops.

Inventory:

Hand Weapons
 f - a +5 dagger (weapon)
Missiles
 d - 31 stones (quivered)
Talismans
 b - a beast talisman
 c - a flux talisman
Scrolls
 e - a scroll of identify {unknown}
 j - a scroll of butterflies {unknown}
 l - a scroll of fear {unknown}


   Skills:
 + Level 1.4 Fighting
 - Level 2.0 Dodging
 + Level 3.8 Unarmed Combat
 + Level 3.1 Shapeshifting


You had 2 spell levels left.
You didn't know any spells.
Your spell library was empty.

Dungeon Overview and Level Annotations

Branches:
Dungeon (2/15)

Altars:

Shops:
D:1 :=?

Annotations:
D:2 Sigmund


Innate Abilities, Weirdness & Mutations

You are a hulking beast.
Your limbs bulge with bestial killing power. (Slay +1)
You cannot wear most types of armour.
You are amphibious.
You can wear up to eight rings at the same time.
Your skin changes colour to match your surroundings (Stealth+).
Your rubbery body absorbs attacks. (AC +1, EV +1)
((You are camouflaged when in or above water. (Stealth+)))
You have tentacles for arms and can constrict up to eight enemies at once.
One of your tentacles bears a spike.
Your muscles are strong. (Str +4, Int/Dex -1)


Message History

You hear some strange, mumbled words.
A magic dart appears from out of thin air!
The magic dart hits you but does no damage.
You attack the rock wall.
Something hits you but does no damage.
You swing at nothing.
You feel less wooden.
You turn into a hulking beast.
Sigmund appears from thin air!
Reactivating autopickup.
Press: ? - help, v - describe, . - travel
Here: a kobold, wielding a +0 dagger and wearing an amulet of magic regeneration The floor.
Sigmund barely misses you.
You are too confused!
You are too confused!
Sigmund misses you.
You bump into the rock wall.
Sigmund breathes a few words.
Sigmund's hands start flickering wildly.
Sigmund barely misses you. Sigmund closely misses you.
There is a stone staircase leading up here.
Sigmund hits you with a +0 scythe.
You're too confused to move!
You feel less confused. Sigmund gestures at you while chanting.
The puff of flame hits you!
* * * LOW HITPOINT WARNING * * *
You aren't carrying any potions.
Hit: f) +5 dagger
Press: ? - help, Dir - move target, f - you
Okay, then.
As you read the scroll of teleportation, it crumbles to dust.
You feel strangely unstable. Sigmund gestures at you while chanting.
The puff of flame misses you.
You hit the kobold but do no damage. Your grab misses the kobold.
You squeeze the kobold.
The kobold is severely wounded.
Sigmund hits you from afar with a +0 scythe!
You die...
Sigmund begins carving another notch in his scythe.

#.........#
#.#########
#.# #.# ###
#.# #.# #.#
##.# #.# ..#
#.#######
#######.#
#.......#
#.......#
#######.#
#.#...K@#
#.####.#.#h#.#
#..........#K#
######.#.###)#
#.#.# ...
#.#.#.#.#.
#.#.#.#...#
#.#.# ### #
#...# #####


You could see Sigmund and a kobold.

Vanquished Creatures
  A dart slug (D:1)
  2 ball pythons (D:1)
  3 endoplasms (D:1)
  2 goblins
  2 hobgoblins (D:1)
  2 quokkas (D:1)
  2 bats (D:1)
  2 frilled lizards (D:1)
  6 kobolds (D:1)
  3 rats
25 creatures vanquished.

Notes
Turn   | Place    | Note
-------+----------+-------------------------------------------
     0 | D:1      | AlterAsc the Octopode Shapeshifter began the quest for the
                  | Orb.
     0 | D:1      | Reached XP level 1. HP: 13/13 MP: 1/1
   211 | D:1      | Found Hatynysa's Book Shop.
   293 | D:1      | Reached XP level 2. HP: 18/18 MP: 2/2
   713 | D:1      | Found Rysheum's Jewellery Shop.
   768 | D:1      | Reached XP level 3. HP: 23/23 MP: 3/3
   950 | D:1      | Found Fuchaarr's Magic Scroll Shoppe.
   953 | D:1      | Bought a scroll of teleportation for 42 gold pieces
  1159 | D:2      | Noticed Sigmund
  1167 | D:2      | Gained mutation: You are partially covered in iridescent
                  | scales. (AC +2) [potion of mutation]
  1167 | D:2      | Lost mutation: You are partially covered in iridescent
                  | scales. (AC +2) [potion of mutation]
  1167 | D:2      | Gained mutation: One of your tentacles bears a spike.
                  | [potion of mutation]
  1167 | D:2      | Gained mutation: Your muscles are strong. (Str +4, Int/Dex
                  | -1) [potion of mutation]
  1219 | D:2      | Slain by Sigmund

Illustrated notes

Levels and vault maps discovered:
D:1:      amcnicky_arrival_blooded_trapdoor, layout_loops_ring, serial_shops,
          nicolae_shop_crystal, nicolae_shop_rolled_up, shop,
          chequers_serial_rivers_micro_b, eino_curves_02
D:2:      layout_basic, uniq_jessica, uniq_sigmund

Action                     || total
---------------------------++-------
  Melee: Unarmed           ||    16
         Constrict         ||     7
         Tentacles         ||     4
         Punch             ||     2
         Dagger            ||    50
    Use: Potion            ||     4
         Scroll            ||     1
   Stab: Sleeping          ||     5
 Armour: Skin              ||    48
  Dodge: Dodged            ||    18
